 Dungeon Crawl Stone Soup version 0.30-a0-743-gbfdf073431 (webtiles) character file.

Game seed: 6726042606177518535

54841 Leeroy the Fencer (level 14, -1/77 HPs)
             Began as a Vine Stalker Warper on Feb 5, 2023.
             Was a Follower of Uskayaw.
             Slain by an entropy weaver (10 damage)
             ... on level 2 of the Lair of Beasts.
             The game lasted 00:54:30 (16339 turns).

Leeroy the Fencer (Vine Stalker Warper)            Turns: 16339, Time: 00:54:31

Health: -1/77      AC:  4    Str: 17    XL:     14   Next: 74%
Magic:  0/24       EV: 10    Int: 11    God:    Uskayaw [*.....]
Gold:   765        SH:  0    Dex: 19    Spells: 7/25 levels left

rFire   + . .      SeeInvis .    I - +6 shillelagh "Devastator" {shatter}
rCold   . . .      Faith    .    (no shield)
rNeg    + . .      Spirit   +    S - +9 plate armour of Stoicism {rPois rN+ Int-2}
rPois   +          Reflect  .    K - +2 helmet
rElec   .          Harm     .    (no cloak)
rCorr   .          Rampage  .    (no gloves)
Will    ++...                    x - +1 pair of boots of the Elven Halls {rF+ Str+3} Stlth
                                 (no amulet)
HPRegen 1.12/turn                r - +4 ring of slaying
MPRegen 0.19/turn                p - ring of Qarchikar {Wiz rPois Will+}

@: about to teleport, corroded, on blink cooldown, studying Conjurations
A: fangs 3, regeneration 1, magic shield, antimagic bite, no potion heal 2
a: Renounce Religion, Stomp


You were on level 2 of the Lair of Beasts.
You worshipped Uskayaw.
Uskayaw was noncommittal.
You visited 5 branches of the dungeon, and saw 19 of its levels.

You collected 1103 gold pieces.
You spent 338 gold pieces at shops.

Inventory:

Hand Weapons
 I - the +6 shillelagh "Devastator" (weapon) {shatter}
   (You found it on level 4 of the Dungeon)
 P - a +2 heavy triple sword
 Q - a +1 long sword of holy wrath
Missiles
 d - 4 boomerangs of dispersal
 k - 3 silver javelins
 m - 4 throwing nets (quivered)
 v - 5 curare-tipped darts
 Y - 26 poisoned darts
Armour
 q - an orb of energy
 w - a +1 troll leather armour
 x - the +1 pair of boots of the Elven Halls (worn) {rF+ Str+3}
   (You found it on level 3 of the Dungeon)

   Str:       It affects your strength (+3).
   rF:        It protects you from fire.
 K - a +2 helmet (worn)
 S - the +9 plate armour of Stoicism (worn) {rPois rN+ Int-2}
   (You found it on level 6 of the Dungeon)

   Int:       It affects your intelligence (-2).
   rPois:     It protects you from poison.
   rN:        It protects you from negative energy.
 X - a +2 robe of cold resistance
Jewellery
 a - a ring of resist corrosion
 j - a +5 ring of evasion
 p - the ring of Qarchikar (right hand) {Wiz rPois Will+}
   (You acquired it on level 2 of the Lair of Beasts)

   [ring of wizardry]

   It improves your spell success rate.
   rPois:     It protects you from poison.
   Will:      It increases your willpower.
 r - a +4 ring of slaying (left hand)
 y - a +6 ring of dexterity
 A - an amulet of reflection
 D - a ring of see invisible
 E - a +5 ring of evasion
 H - a ring of protection from fire
 O - a ring of positive energy
 V - a ring of ice
Wands
 b - a wand of charming (11)
 F - a wand of acid (11)
 N - a wand of polymorph (11)
 R - a wand of digging (5)
 U - a wand of flame (38)
 W - a wand of mindburst (12)
Scrolls
 c - 3 scrolls of enchant weapon
 f - 4 scrolls of fog
 z - 5 scrolls of poison
 B - 2 scrolls of teleportation
 C - 3 scrolls of vulnerability
 T - 4 scrolls of magic mapping
 Z - 2 scrolls of fear
Potions
 e - 2 potions of flight
 h - 3 potions of might
 i - 3 potions of brilliance
 l - 2 potions of lignification
 n - 4 potions of magic
 o - 3 potions of haste
 s - 5 potions of curing
 t - 2 potions of cancellation {unknown}
 u - a potion of invisibility {unknown}
 G - 2 potions of heal wounds {unknown}
 J - a potion of mutation {unknown}
 L - a potion of resistance {unknown}
 M - 2 potions of berserk rage {unknown}


   Skills:
 - Level 10.5 Fighting
 + Level 15.9 Long Blades
 - Level 2.9(3.0) Maces & Flails
 - Level 1.0(2.1) Staves
 - Level 0.8 Throwing
 - Level 8.1 Armour
 - Level 11.0 Dodging
 - Level 6.3 Spellcasting
 - Level 3.0 Translocations
 - Level 0.1 Air Magic
 - Level 2.8 Invocations


You had 7 spell levels left.
You knew the following spells:

 Your Spells              Type           Power      Damage    Failure   Level
a - Blink                 Tloc           20%        N/A       65%         2
b - Vhi's Electric Charg  Tloc/Air       12%        N/A       97%         3
c - Manifold Assault      Tloc           10%        N/A       99%         4
d - Passage of Golubria   Tloc           10%        N/A       99%         4
e - Irradiate             Conj/Tmut      1%         3d12      100%        5

Your spell library contained the following spells:

 Spells                   Type           Power      Damage    Failure   Level
 Lesser Beckoning         Tloc           20%        N/A       65%         2
 Teleport Other           Tloc           10%        N/A       86%         3
 Magic Dart               Conj           12%        1d3       90%         1
 Call Imp                 Summ           3%         N/A       96%         2
 Sublimation of Blood     Necr           3%         N/A       96%         2
 Kindle Blastsparks       Fire/Tloc/Air  10%        2d10      98%         3
 Ignite Poison            Fire/Tmut/Pois 3%         N/A       99%         3
 Inner Flame              Hex/Fire       3%         N/A       99%         3
 Mephitic Cloud           Conj/Pois/Air  3%         N/A       99%         3
 Ozocubu's Armour         Ice            3%         N/A       99%         3
 Tukima's Dance           Hex            3%         N/A       99%         3
 Cause Fear               Hex            1%         N/A       100%        4
 Petrify                  Tmut/Erth      3%         N/A       100%        4
 Freezing Cloud           Conj/Ice/Air   1%         6-21      100%        5
 Yara's Violent Unravell  Hex/Tmut       1%         3d3       100%        5
 Ozocubu's Refrigeration  Ice            1%         4d7       100%        7
 Discord                  Hex            1%         N/A       100%        8


Dungeon Overview and Level Annotations

Branches:
Dungeon (11/15)            Temple (1/1) D:6            Lair (5/5) D:8
  Swamp (1/4) Lair:3       Spider (1/4) Lair:2        Slime (0/5) Lair:5
    Orc: D:9-12

Altars:
Ashenzari
Cheibriados
Dithmenos
Elyvilon
Fedhas
Gozag
Hepliaklqana
Kikubaaqudgha
Makhleb
Nemelex Xobeh
Okawaru
Qazlal
Ru
Sif Muna
Trog
Uskayaw
Vehumet
Wu Jian
Xom
Yredelemnul
Zin
The Shining One
Jiyva

Shops:
D:1 *   D:3 ?   D:6 *

Annotations:
Lair:1 1 runed translucent door
Lair:3 exclusion: oklob plant
Lair:5 exclusion: oklob plant


Innate Abilities, Weirdness & Mutations

You have razor-sharp teeth.
Your natural rate of healing is unusually fast.
When hurt, damage is shared between your health and your magic reserves.
Your bite disrupts and absorbs the magic of your enemies.
Potions cannot restore your health.


Message History

The entropic weave corrodes you!
Okay, then.
The entropy weaver gestures at you while chanting.
The entropic weave corrodes you!
There is a crawl-hole back to the Lair, spattered with blood here.
The entropy weaver barely misses you. The entropy weaver hits you.
The entropy weaver barely misses you. The entropy weaver hits you.
You climb upwards.
Welcome back to the Lair of Beasts!
There is a hole to the Spider Nest, spattered with blood here.
Casting: Blink (dangerous; 65% risk of failure)
Confirm with . or Enter, or press ? or * to list all spells.
You blink.
Splash!
You fall into the shallow water.
Moving in this stuff is going to be slow.
The entropy weaver hits you. The entropy weaver barely misses you.
The entropy weaver hits you. The entropy weaver hits you!
The entropy weaver closely misses you. The entropy weaver hits you!
The entropy weaver completely misses you.
The entropy weaver closely misses you.
Okay, then.
Okay, then.
Okay, then.
Aiming: Mindburst
Press: ? - help, Shift-Dir - straight line, f - entropy weaver
Aim: an entropy weaver (lightly wounded, chance to affect: 29%)
Okay, then.
As you read the scroll of teleportation, it crumbles to dust.
You feel strangely unstable. The entropy weaver hits you!
The entropy weaver misses you. The entropy weaver hits you! x2
The entropy weaver closely misses you. The entropy weaver hits you!
* * * LOW HITPOINT WARNING * * *
The entropy weaver barely misses you. The entropy weaver closely misses you.
Okay, then.
Okay, then.
The entropy weaver attacks as you move away!
The entropy weaver hits you!
* * * LOW HITPOINT WARNING * * *
The entropy weaver hits you!
You die...

####...P#....#........#..##.
#............##...##..#.....
##...##...#.#.#..............
#..#.P##..##..#.#.#.#.##..#.#
##..~~~.~~~...............#..
#..~.~~.~~.~......#..#.######
##.~~.~.~.~~......#...### ##
#.~~~...~~~.P###.#..##.## #.
#.....>...B@............####
#.~~~...~~~..............###
#.~~.~.~.~~.............##.#
#.~.~~.~~.~.............#†..
##.~~~.~~~..............#.##
#P~#........#....>.....#..#
###........P##.........††.#
###P....####..........†##
###..#.# ###........##


You could see an entropy weaver.

Vanquished Creatures
  Fannar (D:11)
  A hydra (Lair:5)
  3 catoblepae (Lair:5)
  A two-headed ogre (D:10)
  2 boulder beetles
  10 death yaks
  A swamp dragon (Lair:3)
  2 bog bodies (Lair:3)
  2 steelbarb worms (Spider:1)
  Pikel (D:7)
  3 manticores
  A moth of wrath (Spider:1)
  A cyclops (D:11)
  3 wolf spiders (Spider:1)
  6 black mambas
  8 cane toads
  8 demonic crawlers
  9 komodo dragons
  4 torpor snails
  A rime drake (Lair:4)
  2 hornets (D:9)
  3 trolls
  A polar bear (Lair:2)
  17 blink frogs
  A tarantella (Spider:1)
  7 dream sheep (Lair:4)
  4 jumping spiders
  A shadow (D:10)
  88 yaks
  2 culicivoras (Spider:1)
  A wyvern (Lair:5)
  2 basilisks (Lair:1)
  Grum (D:11)
  6 redbacks
  2 swamp worms (Lair:3)
  An acid dragon (D:11)
  15 water moccasins
  An ice beast (D:7)
  4 orc warriors
  A black bear (D:5)
  3 ogres
  9 wolves
  11 centaurs
  2 lemures (D:8)
  2 kobold brigands
  A necrophage (D:8)
  10 bullfrogs
  2 scorpions
  10 wights
  8 electric eels
  4 howler monkeys
  9 hounds
  4 orc priests
  A jelly (D:5)
  2 gnoll boudas
  An iron imp (Lair:2)
  Jessica (D:5)
  4 iguanas
  5 orc wizards
  8 gnolls
  8 adders
  2 shadow imps
  A white imp (D:7)
  3 worms
  2 dart slugs
  30 orcs
  6 bats
  10 endoplasms
  3 giant cockroaches
  8 goblins
  6 hobgoblins
  6 jackals
  15 kobolds
  6 quokkas
  4 ball pythons
  3 frilled lizards
  3 rats
441 creatures vanquished.

Vanquished Creatures (collateral kills)
  A komodo dragon (Lair:4)
  A wolf (Lair:4)
2 creatures vanquished.

Vanquished Creatures (others)
  8 fungi
  39 plants
47 creatures vanquished.

Grand Total: 490 creatures vanquished

Notes
Turn   | Place    | Note
-------+----------+-------------------------------------------
     0 | D:1      | Leeroy the Vine Stalker Warper began the quest for the Orb.
     0 | D:1      | Reached XP level 1. HP: 11/11 MP: 4/4
    20 | D:1      | Reached skill level 2 in Long Blades
    57 | D:1      | Found Egrerik's Assorted Antiques.
   126 | D:1      | Reached XP level 2. HP: 11/15 MP: 4/6
   177 | D:1      | Learned a level 2 spell: Blink
   834 | D:2      | Reached XP level 3. HP: 18/18 MP: 7/7
   897 | D:2      | Reached skill level 3 in Long Blades
   897 | D:2      | Reached skill level 1 in Staves
  1340 | D:2      | Learned a level 3 spell: Vhi's Electric Charge
  1467 | D:2      | Gained mutation: Your natural rate of healing is unusually
                  | fast. [Vine Stalker growth]
  1467 | D:2      | Reached XP level 4. HP: 23/23 MP: 8/8
  1829 | D:3      | Found Dekel's Magic Scroll Shop.
  1918 | D:3      | Noticed Jessica
  1923 | D:3      | Identified the +1 pair of boots of the Elven Halls {rF+
                  | Str+3}
  2034 | D:3      | Reached skill level 4 in Long Blades
  2105 | D:3      | Found a shimmering altar of Xom.
  2376 | D:3      | Reached XP level 5. HP: 23/26 MP: 6/9
  2614 | D:4      | Reached skill level 5 in Long Blades
  2616 | D:4      | Noticed a centaur
  2631 | D:4      | Killed a centaur
  2632 | D:4      | Reached XP level 6. HP: 20/30 MP: 8/10
  2666 | D:4      | Found an iron altar of Okawaru.
  2781 | D:4      | Reached skill level 6 in Long Blades
  3202 | D:4      | Reached XP level 7. HP: 34/34 MP: 11/11
  3318 | D:4      | Learned a level 4 spell: Manifold Assault
  3490 | D:4      | Reached skill level 7 in Long Blades
  3639 | D:4      | Found the +6 shillelagh "Devastator" {shatter}
  3765 | D:5      | Entered Level 5 of the Dungeon
  4065 | D:5      | Gained mutation: You have razor-sharp teeth. [Vine Stalker
                  | growth]
  4065 | D:5      | Reached XP level 8. HP: 42/42 MP: 12/12
  4327 | D:5      | Killed Jessica
  4725 | D:6      | Found a sacrificial altar of Ru.
  4725 | D:6      | Found a radiant altar of Vehumet.
  4725 | D:6      | Found an ancient bone altar of Kikubaaqudgha.
  4809 | D:1      | Bought a glowing triple sword for 338 gold pieces
  4914 | D:3      | Reached skill level 5 in Fighting
  5055 | D:6      | Found a staircase to the Ecumenical Temple.
  5064 | Temple   | Entered the Ecumenical Temple
  5315 | D:6      | Found a glowing golden altar of the Shining One.
  5317 | D:6      | Found a basalt altar of Yredelemnul.
  5318 | D:6      | Found a shimmering blue altar of Sif Muna.
  5336 | D:6      | Found Bokilisa's General Store.
  5538 | D:6      | Identified the +9 plate armour of Stoicism {rPois rN+
                  | Int-2}
  5839 | D:7      | Reached XP level 9. HP: 50/50 MP: 13/13
  5985 | D:7      | Reached skill level 8 in Long Blades
  6151 | D:7      | Found an opulent altar of Gozag.
  6455 | D:8      | Noticed Pikel
  6469 | D:7      | Killed Pikel
  6470 | D:7      | Reached skill level 9 in Long Blades
  6590 | D:8      | Reached skill level 10 in Long Blades
  6598 | D:8      | Noticed a troll
  6828 | D:8      | Reached XP level 10. HP: 40/55 MP: 10/14
  6972 | D:8      | Reached skill level 11 in Long Blades
  7197 | D:9      | Paralysed by a hornet for 1 turns
  7946 | D:10     | Entered Level 10 of the Dungeon
  7950 | D:10     | Noticed a two-headed ogre
  8056 | D:10     | Reached skill level 12 in Long Blades
  8076 | D:10     | Identified a scroll of acquirement
  8183 | D:10     | Killed a two-headed ogre
  8359 | D:10     | Reached XP level 11. HP: 57/58 MP: 13/15
  8360 | D:10     | Reached skill level 5 in Armour
  8537 | D:10     | Found a hide-covered altar of Uskayaw.
  8961 | D:10     | Became a worshipper of Uskayaw the Reveller
  9003 | D:10     | Learned a level 4 spell: Passage of Golubria
  9018 | D:11     | Noticed a cyclops
  9018 | D:11     | Reached * piety under Uskayaw
  9020 | D:11     | Reached ** piety under Uskayaw
  9026 | D:10     | Reached *** piety under Uskayaw
  9170 | D:11     | Noticed Fannar
  9226 | D:11     | Reached **** piety under Uskayaw
  9231 | D:11     | Reached ***** piety under Uskayaw
  9250 | D:11     | Killed a cyclops
  9271 | D:11     | Noticed Grum
  9283 | D:11     | Killed Grum
  9387 | D:11     | Noticed a manticore
  9441 | D:11     | Killed a manticore
  9442 | D:11     | Reached skill level 1 in Invocations
  9536 | D:11     | Killed Fannar
 10084 | D:8      | Found a staircase to the Lair.
 10472 | Lair:1   | Entered Level 1 of the Lair of Beasts
 10517 | Lair:1   | Reached XP level 12. HP: 38/63 MP: 10/19
 10518 | Lair:1   | Reached skill level 5 in Spellcasting
 11153 | Lair:1   | Found a runed translucent door.
 11190 | Lair:2   | Reached skill level 1 in Maces & Flails
 11242 | Lair:2   | Acquired a manual of Dodging
 11244 | Lair:2   | Acquired the ring of Qarchikar {Wiz rPois Will+}
 11753 | Lair:2   | Reached skill level 5 in Dodging
 11770 | Lair:2   | Found a hole to the Spider Nest.
 12049 | Lair:3   | Noticed a boulder beetle
 12064 | Lair:3   | Killed a boulder beetle
 12179 | Lair:3   | Acquired a manual of Conjurations
 12541 | Lair:3   | Found a staircase to the Swamp.
 12727 | Lair:4   | Reached skill level 10 in Dodging
 12734 | Lair:4   | Reached XP level 13. HP: 60/67 MP: 19/23
 12877 | Lair:4   | Reached ****** piety under Uskayaw
 12963 | Lair:4   | Reached skill level 13 in Long Blades
 13161 | Lair:4   | Reached skill level 14 in Long Blades
 13747 | Lair:4   | Learned a level 5 spell: Irradiate
 13748 | Lair:5   | Entered Level 5 of the Lair of Beasts
 13972 | Lair:5   | Reached skill level 15 in Long Blades
 14011 | Lair:5   | Reached XP level 14. HP: 58/72 MP: 19/24
 14363 | Lair:5   | Identified the +0 sling "Tuubysoi" {freeze, rC+ Dex+3}
 14616 | Lair:5   | Found a burning altar of Makhleb.
 14708 | Lair:5   | Reached skill level 10 in Fighting
 14727 | Lair:5   | Found a staircase to the Slime Pits.
 14727 | Lair:5   | Found a viscous altar of Jiyva.
 15147 | Swamp:1  | Entered Level 1 of the Swamp
 15281 | Spider:1 | Entered Level 1 of the Spider Nest
 16339 | Lair:2   | Slain by an entropy weaver

Illustrated notes

Levels and vault maps discovered:
D:1:      spicycebolla_arrival_xxxplode, layout_loops_ring, serial_shops, shop,
          minmay_misc_feat_cross, nrook_loot_triangle, minmay_tetromino_l4
D:2:      layout_loops_corners
D:3:      layout_basic, mainiacjoe_overflow_paths, serial_shops,
          nicolae_shop_advertising_works [nicolae_subvault_shop_adworks],
          uniq_jessica
D:4:      layout_rooms, okawaru_gym_becter, minivault_24
D:5:      layout_loops_corners, lemuel_flame_loot_1
D:6:      layout_cave_pools, grunt_temple_overflow_open,
          minmay_temple_entry_grid, serial_shops, nicolae_shop_stone,
          kennysheep_path_1
D:7:      layout_loops_ring, mainiacjoe_overflow_chevrons
D:8:      layout_cave_pools, erik_lair_island, mumra_transporter_accident,
          minmay_crossroads, uniq_pikel
D:9:      layout_irregular_city, minmay_misc_feat_ornament,
          minmay_misc_feat_enclosed
D:10:     layout_cave_pods, lemuel_tele_altar
D:11:     layout_rooms, uniq_fannar, uniq_grum
Temple:   minmay_temple_bridge_abc
Lair:1:   gammafunk_indiana_jones, layout_small_grid, grunt_megastairs_1
Lair:2:   layout_gridlike, spider_nest_entry_a, minivault_27,
          serial_bayou_shore_b, infiniplex_staircase_pool
Lair:3:   layout_cave_shapes, nicolae_swamp_entry_splash_gauntlet,
          minmay_lair_oklob_items, serial_bayou_lagoon_b
Lair:4:   layout_hall_layers, grunt_megastairs_4
Lair:5:   evilmike_catoblepas_cave, layout_cave_pods, slime_entry_1,
          basic_altar, wad_woods_road_03, nicolae_lair_lil_pond
Swamp:1:  layout_basic_swamp, evilmike_swamp_ruin_house_2
Spider:1: nicolae_spider_hilbert_zone_2 [nicolae_spider_hilbert_4_sides_1_open,
          nicolae_spider_hilbert_4_sides_1_open,
          nicolae_spider_hilbert_4_sides_1_open,
          nicolae_spider_hilbert_4_sides_1_open,
          nicolae_spider_hilbert_6_sides_1_open,
          nicolae_spider_hilbert_6_sides_1_open,
          nicolae_spider_hilbert_3_sides_1_open,
          nicolae_spider_hilbert_3_sides_1_open,
          nicolae_spider_hilbert_3_sides_1_open,
          nicolae_spider_hilbert_3_sides_1_open,
          nicolae_spider_hilbert_6_sides_1_open,
          nicolae_spider_hilbert_6_sides_1_open,
          nicolae_spider_hilbert_6_sides_1_open,
          nicolae_spider_hilbert_6_sides_1_open], nicolae_crawler_farm

Skill      XL: |  1  2  3  4  5  6  7  8  9 10 11 12 13 14 |
---------------+-------------------------------------------+-----
Long Blades    | 2 3 4 5 6 7 10 12 15 | 15.9
Staves         | 1 |  1.0
Fighting       | 4 7 10 | 10.5
Armour         | 4 8 |  8.1
Invocations    | 2 |  2.8
Spellcasting   | 4 6 |  6.3
Dodging        | 2 10 11 | 11.0
Maces & Flails | 2 |  2.9
Throwing       | |  0.8
Translocations | |  3.0
Air Magic      | |  0.1

Action                     |  1- 3 |  4- 6 |  7- 9 | 10-12 | 13-15 || total
---------------------------+-------+-------+-------+-------+-------++-------
  Melee: Falchion          |    93 |   146 |    41 |       |       ||   280
         Bite              |    21 |    39 |    43 |    66 |   107 ||   276
         Shillelagh        |       |       |    97 |   266 |   260 ||   623
         Unarmed           |       |       |     5 |       |       ||     5
         Triple sword      |       |       |     8 |     2 |    45 ||    55
         Punch             |       |       |       |     5 |     3 ||     8
  Throw: Javelin           |     1 |     3 |       |       |       ||     4
         Boomerang         |       |     2 |     1 |     7 |       ||    10
         Dart              |       |       |       |    14 |       ||    14
         Throwing net      |       |       |       |       |     1 ||     1
   Cast: Blink             |       |     1 |     4 |     1 |     2 ||     8
         Vhi's Electric Ch |       |     1 |     1 |       |       ||     2
  Evoke: Wand              |       |       |       |     1 |     1 ||     2
    Use: Scroll            |       |     1 |    11 |    14 |     6 ||    32
         Potion            |       |       |       |     1 |     2 ||     3
   Stab: Sleeping          |     4 |     1 |       |       |       ||     5
         Paralysed         |       |       |       |    14 |    23 ||    37
         Petrified         |       |       |       |       |     1 ||     1
 Armour: Leather armour    |    27 |    53 |    20 |       |       ||   100
         Plate armour      |       |       |    82 |   239 |   338 ||   659
  Dodge: Dodged            |    51 |   119 |    76 |   189 |   221 ||   656

Table legend: (Time is in decaauts)
 A = Elapsed time spent in this place.
 B = Non-inter-level travel time spent in this place.
 C = Inter-level travel time spent in this place.
 D = Time resting spent in this place.
 E = Time spent auto-exploring this place.
 F = Levels seen in this place.
 G = Mean time per level.
                   A        B        C        D        E       F      G
               +--------+--------+--------+--------+--------+-----+--------+
         Total |  16596 |  15347 |   1249 |   1305 |  10317 |  19 |  873.5 |
       Dungeon |  10377 |   9470 |    907 |    660 |   6429 |  11 |  943.4 |
        Temple |    225 |    203 |     22 |      0 |    187 |   1 |  225.0 |
          Lair |   4994 |   4675 |    319 |    306 |   3335 |   5 |  998.8 |
         Swamp |      4 |      4 |      0 |      0 |      0 |   1 |    4.0 |
   Spider Nest |    994 |    994 |      0 |    339 |    365 |   1 |  994.0 |
               +--------+--------+--------+--------+--------+-----+--------+

Top non-repeatable levels by time:
  Lair:5: 1349 daAuts
    D:10: 1280 daAuts
     D:2: 1214 daAuts
  Lair:4: 1135 daAuts
     D:8: 1077 daAuts
     D:5: 1072 daAuts
     D:4: 1017 daAuts
Spider:1: 994 daAuts
  Lair:2: 913 daAuts
  Lair:3: 884 daAuts
     D:3: 882 daAuts
     D:1: 878 daAuts
     D:9: 864 daAuts
    D:11: 777 daAuts
     D:7: 729 daAuts
